AoeStats
← SaMgAmEpLaY

Arena

510393813Analyzed
1v1 RM · 1d ago on Sep 30, 2026· 132m 17s· 2 players
Game mode
Random Map
Map size
Tiny (2 player)
Population
200
Speed
Normal
Resources
Standard
Victory
Conquest
Starting age
Dark Age
Ending age
Imperial Age
RankedLock teamsTeams togetherTeam positionsShared explorationLock speedFull tech treeHidden civsTurbo modeCheats
Victory
Defeat
🇸🇪 Turks · Sweden
779
+17
🇲🇽 Bohemians · Mexico
794
-17
childrenofthelight
10:29 Feudal Age
15:39 Castle Age
14:04 Double-Bit Axe
20:12 Loom
22:25 Wheelbarrow
24:41 Bow Saw
24:24 Horse Collar
26:58 Hand Cart
30:31 Imperial Age
30:40 Ballistics
30:26 Fletching
31:03 Heavy Plow
35:43 Bodkin Arrow
35:53 Artillery
37:21 Two-Man Saw
36:16 Town Watch
38:35 Padded Archer Armor
38:36 Bracer
38:39 Crossbowman
40:16 Leather Archer Armor
42:27 Hoardings
43:24 Ring Archer Armor
46:49 Bloodlines
46:50 Scale Barding Armor
46:56 Forging
48:19 Chain Barding Armor
49:16 Iron Casting
50:50 Plate Barding Armor
51:54 Blast Furnace
51:16 Husbandry
65:08 Sipahi
72:22 Masonry
72:10 Murder Holes
72:41 Bombard Tower
72:40 Town Patrol
73:36 Sipahi
74:02 Conscription
83:38 Man-at-Arms
85:29 Long Swordsman
85:57 Arson
86:15 Squires
86:45 Two-Handed Swordsman
87:30 Scale Mail Armor
87:42 Champion
88:42 Chain Mail Armor
95:42 Plate Mail Armor
104:00 Heavy Scorpion
105:52 Guilds
108:19 Stone Mining
SaMgAmEpLaY
11:19 Feudal Age
12:00 Double-Bit Axe
12:36 Horse Collar
15:23 Loom
18:07 Castle Age
17:08 Scale Mail Armor
20:03 Forging
21:46 Bow Saw
23:11 Heavy Plow
25:30 Wagenburg Tactics
27:59 Chemistry
29:24 Wheelbarrow
28:43 Town Watch
29:09 Pikeman
34:33 Imperial Age
34:39 Houfnice
37:24 Hand Cart
37:10 Town Patrol
37:37 Conscription
42:44 Elite Hussite Wagon
50:12 Halberdier
51:56 Chain Mail Armor
52:17 Iron Casting
54:49 Hussite Reforms
62:24 Ballistics
62:26 Bombard Tower
62:02 Murder Holes
67:45 Blast Furnace
67:16 Plate Mail Armor
78:12 Fletching
78:22 Padded Archer Armor
79:03 Elite Skirmisher
92:23 Bodkin Arrow
92:44 Leather Archer Armor
129:36 Arson
Connection lost

Rejoining the realm…

Still unreachable

The connection could not be restored.

Session expired

The server has moved on; the page needs a fresh start.